 Dungeon Crawl Stone Soup version 0.25.1-2-g60ff931df9 (webtiles) character file.

Game seed: 3720158228522277998

202898 Gunterle the Whirler (level 19, -2/127 HPs)
             Began as a Halfling Abyssal Knight on Sept 24, 2020.
             Was the Champion of Lugonu.
             Slain by a spectral alligator snapping turtle (32 damage)
             ... called from beyond by a ghost crab
             ... on level 4 of the Swamp on Sept 25, 2020.
             The game lasted 04:31:16 (63062 turns).

Gunterle the Whirler (Halfling Abyssal Knight)     Turns: 63062, Time: 04:31:16

Health: -2/127     AC: 15    Str: 19    XL:     19   Next: 30%
Magic:  28/28      EV: 27    Int: 16    God:    Lugonu [******]
Gold:   713        SH: 22    Dex: 25    Spells: 8/18 levels left

rFire    . . .     SeeInvis +   A - +1 hand axe (flame)
rCold    + + +     Gourm    .   G - +2 kite shield "Ojestaq" {rN+++ rCorr Str-4 Dex+6}
rNeg     + + +     Faith    .   E - +4 skin of Zhor {Englaciate rC+++ SInv}
rPois    +         Spirit   .   V - +2 helmet
rElec    +         Reflect  +   d - scarf {harm}
rCorr    +         Harm     +   H - +2 pair of gloves {Dex+3}
MR       ++...                  U - +1 pair of boots
Stlth    ++........             u - amulet of reflection
HPRegen  0.31/turn              I - ring of poison resistance
MPRegen  0.21/turn              L - ring "Noiriwka" {rElec MR+ Str+10}

@: studying 3 skills
A: small, mutation resistance 1
}: 1/15 runes: gossamer
a: Depart the Abyss, Bend Space, Banish, Corrupt, Enter the Abyss, Renounce
Religion


You were on level 4 of the Swamp.
You worshipped Lugonu.
Lugonu was exalted by your worship.
You were hungry.

You visited 7 branches of the dungeon, and saw 33 of its levels.
You visited the Abyss 2 times.
You also visited: Ice Cave.

You collected 3759 gold pieces.
You spent 3046 gold pieces at shops.

Inventory:

Hand Weapons
 g - a +0 hunting sling
 m - a +6 war axe of distortion
 A - a +1 hand axe of flaming (weapon)
Missiles
 w - 606 stones
 x - 39 sling bullets
 Q - 28 boomerangs (quivered)
Armour
 d - a scarf of harm (worn)
 E - the +4 skin of Zhor (worn) {Englaciate rC+++ SInv}
   (You found it on level 12 of the Dungeon)

   It renders you almost immune to cold.
   It lets you see invisible.
 G - the +2 kite shield "Ojestaq" (worn) {rN+++ rCorr Str-4 Dex+6}
   (You bought it in a shop on level 6 of the Dungeon)

   It affects your strength (-4).
   It affects your dexterity (+6).
   It renders you almost immune to negative energy.
   It provides partial protection from all sources of acid and corrosion.
 H - a +2 pair of gloves of dexterity (worn)
 O - the +3 ring mail of Lugonu's Condemnation {-Cast rF+ rC+ Slay+2}
   (You found it on level 4 of the Swamp)

   It affects your accuracy and damage with ranged weapons and melee attacks
   (+2).
   It protects you from fire.
   It protects you from cold.
   It prevents spellcasting.
 U - a +1 pair of boots (worn)
 V - a +2 helmet (worn)
Jewellery
 a - an uncursed ring of flight
 u - an amulet of reflection (around neck)
 I - a ring of poison resistance (left hand)
 J - the ring "Fecaqil" {rF+ rC+ MR+}
   (You took it off a centaur on level 7 of the Dungeon)

   [ring of protection from cold]

   It protects you from fire.
   It protects you from cold.
   It affects your resistance to hostile enchantments.
 L - the ring "Noiriwka" (right hand) {rElec MR+ Str+10}
   (You found it on level 7 of the Dungeon)

   [ring of protection from magic]

   It affects your strength (+10).
   It insulates you from electricity.
   It affects your resistance to hostile enchantments.
Wands
 k - a wand of iceblast (27)
 M - a wand of random effects (45)
 N - a wand of digging (5)
 R - a wand of acid (6)
 S - a wand of clouds (3)
Scrolls
 e - 9 scrolls of magic mapping
 h - 2 scrolls of vulnerability
 j - 10 scrolls of teleportation
 l - a scroll of enchant armour
 q - 3 scrolls of fog
 r - a scroll of summoning
 v - 18 scrolls of remove curse
 B - 3 scrolls of blinking
 F - 4 scrolls of fear
 X - 8 scrolls of identify
 Z - a scroll of brand weapon
Potions
 b - 3 potions of resistance
 f - 8 potions of curing
 i - 6 potions of ambrosia
 n - 4 potions of heal wounds
 p - 5 potions of cancellation
 t - 3 potions of haste
 z - 3 potions of invisibility
 C - 2 potions of berserk rage
 P - 2 potions of flight
 T - 3 potions of magic
 Y - 3 potions of might
Books
 o - a manual of Translocations
 y - a manual of Throwing
 D - a manual of Evocations
Miscellaneous
 s - a phantom mirror
 K - a phial of floods
 W - a tin of tremorstones (3/3)
Comestibles
 c - 30 rations


   Skills:
 + Level 10.6 Fighting
 + Level 14.9 Axes
 - Level 15.7(17.0) Slings
 + Level 8.5(11.2) Throwing
 - Level 7.0 Armour
 + Level 11.9 Dodging
 * Level 14.0 Shields
 - Level 3.5 Charms
 + Level 8.0 Translocations
 - Level 3.1 Air Magic
 + Level 12.1 Invocations
 * Level 13.1 Evocations


You had 8 spell levels left.
You knew the following spells:

 Your Spells              Type           Power        Failure   Level  Hunger
a - Passwall              Tmut/Erth      #.......     56%         2    ###....
b - Swiftness             Chrm/Air       ##......     19%         2    ###....
c - Passage of Golubria   Tloc           N/A          17%         4    #####..
d - Blink                 Tloc           N/A          2%          2    ###....

Your spell library contained the following spells:

 Spells                   Type           Power        Failure   Level  Hunger
 Gell's Gravitas          Tloc           ####......   5%          3    ####...
 Corpse Rot               Necr/Air       N/A          36%         2    ###....
 Animate Skeleton         Necr           N/A          43%         1    ##.....
 Corona                   Hex            #......      43%         1    ##.....
 Foxfire                  Conj/Fire      #...         43%         1    ##.....
 Magic Dart               Conj           #...         43%         1    ##.....
 Pain                     Necr           #...         43%         1    ##.....
 Summon Small Mammal      Summ           #...         43%         1    ##.....
 Call Imp                 Summ           #.......     56%         2    ###....
 Ensorcelled Hibernation  Hex/Ice        #.....       56%         2    ###....
 Slow                     Hex            #.......     56%         2    ###....
 Mephitic Cloud           Conj/Pois/Air  #.......     67%         3    ####...
 Call Canine Familiar     Summ           #.......     80%         3    ####...
 Confusing Touch          Hex            #.......     80%         3    ####...
 Conjure Flame            Conj/Fire      #.......     80%         3    ####...
 Dazzling Flash           Conj/Hex       #.....       80%         3    ####...
 Inner Flame              Hex/Fire       #.......     80%         3    ####...
 Stone Arrow              Conj/Erth      #.....       80%         3    ####...
 Summon Guardian Golem    Hex/Summ       #.......     80%         3    ####...
 Tukima's Dance           Hex            #.......     80%         3    ####...
 Vampiric Draining        Necr           #.........   80%         3    ####...
 Summon Lightning Spire   Summ/Air       #.......     94%         4    #####..
 Summon Forest            Summ/Tloc      ##........   94%         5    ######.
 Animate Dead             Necr           N/A          99%         4    #####..
 Petrify                  Tmut/Erth      #.......     99%         4    #####..
 Sticky Flame             Conj/Fire      #.......     99%         4    #####..
 Summon Ice Beast         Ice/Summ       #.......     99%         4    #####..
 Agony                    Necr           #.......     100%        5    ######.
 Fireball                 Conj/Fire      #.........   100%        5    ######.
 Lee's Rapid Deconstruct  Erth           #.........   100%        5    ######.
 Metabolic Englaciation   Hex/Ice        #.........   100%        5    ######.
 Yara's Violent Unravell  Hex/Tmut       #.........   100%        5    ######.
 Darkness                 Hex            #.........   100%        6    #######
 Eringya's Noxious Bog    Tmut/Pois      #.........   100%        6    #######
 Hydra Form               Tmut           #.........   100%        6    #######
 Invisibility             Hex            #.......     100%        6    #######
 Summon Hydra             Summ           #.........   100%        7    #######


Dungeon Overview and Level Annotations

Branches:
Dungeon (15/15)            Temple (1/1) D:5            Lair (6/6) D:9
  Swamp (4/4) Lair:4       Spider (4/4) Lair:4        Slime (0/5) Lair:5
    Orc (2/2) D:12            Elf (0/3) Orc:2        Vaults (0/5) D:14
 Depths (1/5) D:15          IceCv (visited)

Altars:
Ashenzari
Cheibriados
Dithmenos
Elyvilon
Fedhas
Gozag
Hepliaklqana
Kikubaaqudgha
Makhleb
Nemelex Xobeh
Okawaru
Qazlal
Ru
Sif Muna
Trog
Uskayaw
Vehumet
Wu Jian
Xom
Yredelemnul
Zin
The Shining One
Beogh
Jiyva

Shops:
D:6 [   D:7 =   D:10 [   D:11 *   D:15 ?   Orc:1 %:   Orc:2 }[[[

Annotations:
Spider:2 3 runed translucent doors, Delamore's ghost, adept GrFi


Innate Abilities, Weirdness & Mutations

You are small and have problems with some larger weapons.
You are somewhat resistant to further mutation.


Message History

You hit the spectral alligator snapping turtle but do no damage.
You hit the spectral eight-headed hydra but do no damage.
You block the ghost crab's attack. The ghost crab misses you.
Unknown command.
You hit the ghost crab. You burn the ghost crab.
The ghost crab is heavily damaged.
You hit the spectral alligator snapping turtle.
You burn the spectral alligator snapping turtle.
You hit the spectral tyrant leech but do no damage.
You hit the spectral eight-headed hydra.
You burn the spectral eight-headed hydra.
You block the spectral eight-headed hydra's attack. x3
The spectral eight-headed hydra closely misses you.
The spectral eight-headed hydra bites you!
* * * LOW HITPOINT WARNING * * *
The spectral eight-headed hydra completely misses you.
You block the spectral eight-headed hydra's attack.
The spectral eight-headed hydra misses you.
The spectral alligator snapping turtle bites you!!
You die...

♣ ♣♣ ≈≈≈≈≈≈.♣♣ .♣♣
♣♣♣♣♣ ≈≈≈≈§≈≈§♣
§.♣♣♣♣...♣♣ ≈≈≈≈≈≈≈.♣
≈.♣♣≈≈≈≈≈<♣ .≈§≈≈≈≈♣♣
≈.♣♣§≈≈≈≈≈♣ ♣≈≈Z≈≈≈≈♣
.≈♣♣♣.§≈≈≈♣ ♣♣°○☼○≈.♣
...♣♣..≈≈≈♣♣ ♣§.Z≈≈.≈♣
≈≈≈≈≈..≈≈≈.♣♣♣♣t@Z≈≈.≈♣
.≈≈≈...≈≈≈≈.≈♣♣♣♣Z.≈♣♣♣
.≈≈≈.♣≈..♣♣♣♣♣♣♣♣≈.♣♣
......♣♣♣♣♣♣♣♣≈≈§≈♣♣
≈.♣≈.≈≈.≈♣.≈..≈≈≈≈♣♣♣♣
≈.§≈.≈≈.♣.≈≈..≈≈≈≈.§.♣
≈≈≈♣♣..♣♣.≈≈≈≈≈≈≈.≈≈.♣
≈≈.≈♣....≈≈≈.≈≈≈.≈...♣
≈≈..≈.≈≈≈.≈♣♣.≈≈≈≈§.♣♣


You could see a ghost crab, a spectral tyrant leech (summoned), a spectral
eight-headed hydra (summoned), a spectral seven-headed hydra (summoned) and a
spectral alligator snapping turtle (summoned).

Vanquished Creatures
  Kirke (Lair:6)
  5 thorn hunters
  3 ghost moths
  An emperor scorpion (Spider:3)
  A very ugly thing (Swamp:3)
  5 entropy weavers
  3 spark wasps
  2 ettins
  A fire dragon (Lair:5)
  Harold (Lair:2)
  13 hydras
  Erolcha (D:11)
  A centaur warrior (D:10)
  9 two-headed ogres
  A death knight (D:15)
  A merfolk avatar (Lair:6)
  2 shambling mangroves (Swamp:3)
  2 tengu warriors
  11 alligators
  2 ogre magi (D:15)
  A deep elf knight (D:14)
  Nergalle (Lair:4)
  Sonja (D:11)
  Urug (D:13)
  6 orc high priests
  2 sea snakes (Lair:6)
  2 unseen horrors (D:10)
  2 spriggan druids
  A fire crab (D:14)
  A deep troll (D:14)
  12 orc knights
  2 cyclopes (D:13)
  22 orb spiders
  An orb spider (shapeshifter) (D:15)
  2 oklob plants (Swamp:3)
  32 wolf spiders
  9 ugly things
  A deep elf mage (D:15)
  3 moths of wrath
  3 ice statues (IceCv)
  2 manticores (Lair:6)
  20 elephants
  A rust devil (D:8)
  2 black mambas
  Psyche (D:11)
  3 torpor snails
  A gargoyle (D:10)
  24 spiny frogs
  Maggie (D:8)
  2 rime drakes (Lair:6)
  2 swamp worm zombies (Swamp:4)
  2 ice devils (Orc:2)
  A freezing wraith (D:15)
  6 demonic crawlers
  7 komodo dragons
  A queen bee (Spider:2)
  8 trolls
  9 meliai
  30 jumping spiders
  3 polar bears (Lair:6)
  14 tyrant leeches
  21 hornets
  8 slime creatures
  6 hippogriffs
  9 dream sheep (Lair:5)
  A wind drake (Lair:6)
  13 bog bodies
  9 blink frogs
  4 alligator zombies (Swamp:4)
  A meliai zombie (D:12)
  4 spriggans
  3 shadows
  7 wyverns
  31 tarantellas
  11 yaks
  6 hogs
  82 redbacks
  3 basilisks
  19 humans
  5 hungry ghosts
  19 vampire mosquitoes
  A redback simulacrum (D:15)
  8 insubstantial wisps
  A warg (Orc:2)
  21 swamp worms
  8 porcupines
  10 water moccasins
  43 orc warriors
  8 swamp drakes
  11 ice beasts
  2 sky beasts
  2 phantoms
  14 ogres
  3 boggarts
  12 wolves (Lair:3)
  11 centaurs
  13 crocodiles
  A big kobold (D:13)
  18 bullfrogs
  A gnoll sergeant (D:11)
  A water moccasin zombie (D:9)
  A wyvern skeleton (D:13)
  3 scorpions
  22 killer bees
  14 wights
  2 electric eels
  6 howler monkeys
  6 crimson imps
  A bullfrog zombie (D:5)
  3 centaur zombies
  A lava snake (Lair:5)
  A quasit (D:13)
  6 centaur skeletons
  3 jellies
  8 hounds
  28 orc priests
  17 orc wizards
  A bullfrog skeleton (D:9)
  2 iguanas (D:7)
  11 worker ants
  A killer bee zombie (D:8)
  A hound zombie (D:5)
  A hound skeleton (D:9)
  A worker ant zombie (D:6)
  2 howler monkey zombies
  Robin (D:2)
  3 howler monkey skeletons
  11 gnolls
  8 adders
  5 shadow imps
  3 oozes
  A worm (D:2)
  2 dart slugs
  2 leopard geckos
  72 orcs
  2 ball pythons
  3 giant cockroaches
  25 goblins
  8 hobgoblins
  12 jackals
  8 quokkas
  2 bats
  4 frilled lizards
  12 kobolds
  A leopard gecko skeleton (D:4)
  11 rats
  A briar patch (Swamp:3)
  A fire vortex (Lair:5)
  2 plants
1104 creatures vanquished.

Vanquished Creatures (collateral kills)
  Asterion (Spider:2)
1 creature vanquished.

Vanquished Creatures (others)
  A ghost moth (Spider:4)
  3 emperor scorpions
  A tyrant leech (Swamp:3)
  4 humans (Lair:6)
  A swamp worm (Swamp:3)
  A water moccasin (Lair:6)
  2 briar patches (Swamp:3)
  40 fungi
  67 plants
120 creatures vanquished.

Grand Total: 1225 creatures vanquished

Notes
Turn   | Place    | Note
-------+----------+-------------------------------------------
     0 | Abyss:1  | Gunterle the Halfling Abyssal Knight began the quest for
                  | the Orb.
     0 | Abyss:1  | Reached XP level 1. HP: 15/15 MP: 2/2
    64 | Abyss:1  | Noticed a flying skull
    66 | Abyss:1  | Noticed a smoke demon
    72 | D:1      | Escaped the Abyss
    88 | D:1      | Noticed an electric eel
    88 | D:1      | Noticed an electric eel
   248 | D:1      | Reached XP level 2. HP: 19/20 MP: 3/3
   369 | D:1      | Reached * piety under Lugonu
   409 | D:1      | Reached XP level 3. HP: 25/25 MP: 4/4
  1609 | D:1      | Reached XP level 4. HP: 31/31 MP: 5/5
  2040 | D:2      | Found a snail-covered altar of Cheibriados.
  2526 | D:2      | Noticed Robin
  2623 | D:2      | Killed Robin
  2623 | D:2      | Reached XP level 5. HP: 16/36 MP: 6/6
  2802 | D:2      | Reached ** piety under Lugonu
  3066 | D:2      | Reached skill level 1 in Slings
  4240 | D:3      | Noticed a sky beast
  4618 | D:4      | Reached skill level 2 in Slings
  4618 | D:4      | Reached XP level 6. HP: 36/42 MP: 8/8
  5265 | D:4      | Noticed an ogre
  5297 | D:4      | Killed an ogre
  5297 | D:4      | Reached skill level 3 in Slings
  5414 | D:4      | Noticed an ogre
  5449 | D:4      | Killed an ogre
  5449 | D:4      | Reached XP level 7. HP: 46/46 MP: 9/9
  5495 | D:4      | Found a hide-covered altar of Uskayaw.
  5589 | D:4      | Found a shimmering blue altar of Sif Muna.
  5635 | D:5      | Entered Level 5 of the Dungeon
  5694 | D:4      | Reached skill level 4 in Slings
  5718 | D:5      | Reached *** piety under Lugonu
  5996 | D:5      | Found a staircase to the Ecumenical Temple.
  6009 | D:5      | Got a pitted quarterstaff
  6023 | Temple   | Entered the Ecumenical Temple
  6545 | D:5      | Reached XP level 8. HP: 45/54 MP: 10/10
  6719 | D:6      | Reached skill level 5 in Slings
  6729 | D:6      | Reached skill level 5 in Axes
  6939 | D:6      | Found Wyqumiul's Antique Armour Shoppe.
  6965 | D:6      | Bought a smoking kite shield for 209 gold pieces
  6965 | D:6      | Bought a pair of glowing gloves for 165 gold pieces
  6985 | D:6      | Identified the +2 kite shield "Ojestaq" {rN+++ rCorr Str-4
                  | Dex+6} (You bought it in a shop on level 6 of the Dungeon)
  7053 | D:6      | Found a shimmering altar of Xom.
  7202 | D:6      | Reached skill level 1 in Shields
  7755 | D:7      | Reached skill level 6 in Slings
  8028 | D:7      | Found a blossoming altar of Fedhas.
  8282 | D:7      | Reached XP level 9. HP: 59/59 MP: 12/12
  8292 | D:7      | Found an ornate altar of the Wu Jian Council.
  8639 | D:7      | Reached skill level 7 in Slings
  9363 | D:7      | Reached **** piety under Lugonu
  9399 | D:7      | Reached skill level 5 in Invocations
  9658 | D:7      | Identified the ring "Fecaqil" {rF+ rC+ MR+}
  9662 | D:7      | Reached skill level 8 in Slings
  9727 | D:7      | Noticed a seven-headed hydra
  9901 | D:7      | Got a flickering bone ring
  9902 | D:7      | Identified the ring "Noiriwka" {rElec MR+ Str+10} (You
                  | found it on level 7 of the Dungeon)
  9922 | D:7      | Found Oczyf's Jewellery Emporium.
 10053 | D:8      | Reached XP level 10. HP: 51/65 MP: 13/13
 10136 | D:8      | Reached skill level 5 in Fighting
 10389 | D:7      | Noticed a rust devil
 10389 | D:7      | Noticed a rust devil
 10435 | D:8      | Reached skill level 5 in Dodging
 10460 | D:8      | Reached skill level 5 in Shields
 10734 | D:8      | Found a hazy altar of Hepliaklqana.
 11132 | D:8      | Reached skill level 1 in Evocations
 11251 | D:8      | Got a twisted ring mail
 11262 | D:8      | Identified the cursed +0 ring mail "Guririg" {+Blink rF+
                  | rC+ Int-2} (You found it on level 8 of the Dungeon)
 11354 | D:8      | Found an iron altar of Okawaru.
 11405 | D:6      | Reached skill level 9 in Slings
 11906 | D:8      | Killed a rust devil
 12891 | D:9      | Noticed Maggie
 12897 | D:8      | Killed Maggie
 12944 | D:8      | Reached skill level 5 in Armour
 13390 | D:9      | Reached XP level 11. HP: 69/72 MP: 13/15
 13557 | D:9      | Reached skill level 10 in Slings
 13589 | D:9      | Got an ancient graven amulet
 13737 | D:9      | Found a shattered altar of Ashenzari.
 13857 | D:9      | Found a stormy altar of Qazlal.
 13977 | D:9      | Found a staircase to the Lair.
 14071 | D:10     | Entered Level 10 of the Dungeon
 14103 | D:10     | Killed an unseen horror
 14300 | D:10     | Found Xufuh's Antique Armour Shop.
 14687 | D:10     | Killed an unseen horror
 14807 | D:10     | Identified the amulet "Ceohatol" {Inacc +Fly} (You found it
                  | on level 9 of the Dungeon)
 15055 | D:11     | Noticed a centaur warrior
 15353 | D:10     | Killed a centaur warrior
 15770 | D:11     | Noticed Sonja
 15774 | D:11     | Found Pounukh's Assorted Antiques.
 15802 | D:11     | Bought a shiny gilded ring for 170 gold pieces
 15802 | D:11     | Bought a cyan potion for 30 gold pieces
 15802 | D:11     | Bought a green potion for 30 gold pieces
 15935 | D:11     | Noticed Psyche
 15952 | D:11     | Cast into level 2 of the Abyss (Psyche)
 15952 | Abyss:2  | Found a corrupted altar of Lugonu.
 15983 | D:11     | Escaped the Abyss
 15984 | D:11     | Killed Psyche
 16106 | D:11     | Reached skill level 11 in Slings
 16494 | D:11     | Noticed Erolcha
 16511 | D:11     | Killed Erolcha
 16647 | D:11     | Killed Sonja
 17138 | D:12     | Found a staircase to the Orcish Mines.
 17242 | D:11     | Reached XP level 12. HP: 59/79 MP: 15/17
 17972 | D:12     | Noticed a two-headed ogre
 18001 | D:11     | Killed a two-headed ogre
 18178 | D:12     | Found the +4 skin of Zhor {Englaciate rC+++ SInv}
 18489 | D:7      | Bought an uncursed ring of poison resistance for 240 gold
                  | pieces
 18594 | Lair:1   | Entered Level 1 of the Lair of Beasts
 19100 | Lair:1   | Reached skill level 12 in Slings
 19642 | Lair:2   | Noticed Harold
 19682 | Lair:2   | Killed Harold
 20079 | Lair:2   | Found a stormy altar of Qazlal.
 20896 | Lair:3   | Noticed an eight-headed hydra
 20925 | Lair:3   | Killed an eight-headed hydra
 21329 | Lair:3   | Reached skill level 10 in Axes
 21807 | Lair:3   | Reached XP level 13. HP: 83/85 MP: 16/18
 22158 | Lair:3   | Reached skill level 5 in Evocations
 22780 | Lair:4   | Noticed Nergalle
 22795 | Lair:4   | Killed Nergalle
 22795 | Lair:4   | Reached skill level 13 in Slings
 23326 | Lair:4   | Noticed a six-headed hydra
 23336 | Lair:4   | Killed a six-headed hydra
 23520 | Lair:4   | Found a hole to the Spider Nest.
 23683 | Lair:4   | Reached ***** piety under Lugonu
 24288 | Lair:4   | Found a staircase to the Swamp.
 24687 | Lair:5   | Noticed a four-headed hydra
 24725 | Lair:4   | Killed a one-headed hydra
 25293 | Lair:5   | Found a staircase to the Slime Pits.
 25302 | Lair:5   | Found a viscous altar of Jiyva.
 25729 | Lair:5   | Noticed a six-headed hydra
 25762 | Lair:5   | Killed a six-headed hydra
 26253 | Lair:5   | Noticed a fire dragon
 26348 | Lair:5   | Killed a fire dragon
 26713 | Lair:6   | Entered Level 6 of the Lair of Beasts
 26717 | Lair:6   | Noticed a four-headed hydra
 26726 | Lair:6   | Killed a four-headed hydra
 26726 | Lair:6   | Reached skill level 14 in Slings
 26728 | Lair:6   | Noticed a four-headed hydra
 26799 | Lair:5   | Reached XP level 14. HP: 88/92 MP: 18/20
 28996 | Lair:6   | Noticed Kirke
 29023 | Lair:6   | Killed Kirke
 30111 | Lair:6   | Reached skill level 10 in Shields
 31415 | Lair:6   | Reached XP level 15. HP: 89/99 MP: 22/22
 31855 | Orc:1    | Entered Level 1 of the Orcish Mines
 31920 | Orc:1    | Found Osyugoqo's Book Shoppe.
 31987 | Orc:2    | Entered Level 2 of the Orcish Mines
 31995 | Orc:2    | Found a frozen archway.
 32059 | IceCv    | Entered an ice cave
 33165 | IceCv    | Got a brightly glowing ring mail
 33175 | IceCv    | Identified the +1 ring mail "Feinaget" {rF+} (You found it
                  | in an ice cave)
 33741 | Orc:1    | Found Muicaqidgh's Food Shoppe.
 35344 | Orc:1    | Reached skill level 15 in Slings
 35504 | Orc:1    | Reached ****** piety under Lugonu
 36119 | Orc:1    | Found a roughly hewn altar of Beogh.
 36488 | Orc:2    | Found a staircase to the Elven Halls.
 38356 | Orc:1    | Reached skill level 10 in Invocations
 39095 | Orc:2    | Found Seonwon's Gadget Shoppe.
 39098 | Orc:2    | Found Viny's Antique Armour Emporium.
 39099 | Orc:2    | Found Boimp's Armour Shoppe.
 39100 | Orc:2    | Found Plog's Armour Shoppe.
 39225 | Orc:1    | Bought a book of Burglary for 1200 gold pieces
 39228 | Orc:1    | Learned a level 2 spell: Passwall
 39231 | Orc:1    | Learned a level 2 spell: Swiftness
 39236 | Orc:1    | Learned a level 4 spell: Passage of Golubria
 39330 | D:13     | Found an ornate altar of the Wu Jian Council.
 40026 | D:14     | Found a gate to the Vaults.
 40026 | D:14     | Noticed Nessos
 40026 | D:14     | Noticed Urug
 40027 | D:14     | Noticed Nessos
 40027 | D:14     | Nessos changed into Nessos the swamp worm
 40171 | D:13     | Reached skill level 1 in Charms
 40272 | D:13     | Reached skill level 10 in Dodging
 40349 | D:13     | Reached skill level 1 in Air Magic
 40550 | D:13     | Reached XP level 16. HP: 100/108 MP: 23/23
 40776 | D:14     | Killed Nessos the swamp worm
 41108 | D:13     | Killed Urug
 41639 | D:15     | Entered Level 15 of the Dungeon
 42418 | D:15     | Found a staircase to the Depths.
 42709 | D:15     | Found Weatoof's Magic Scroll Shop.
 42767 | D:15     | Identified a +6 war axe of distortion (a +4 war axe
                  | corrupted by Lugonu)
 42767 | D:15     | Received a gift from Lugonu
 43201 | D:15     | Bought a scroll of acquirement for 624 gold pieces
 43201 | D:15     | Bought a scroll of brand weapon for 240 gold pieces
 43201 | D:15     | Acquired a manual of Throwing
 43204 | D:15     | Found a shadowy altar of Dithmenos.
 43207 | D:15     | Bought a scroll of magic mapping for 42 gold pieces
 43207 | D:15     | Bought a scroll of teleportation for 36 gold pieces
 43207 | D:15     | Bought a scroll of teleportation for 36 gold pieces
 43207 | D:15     | Bought a scroll of identify for 24 gold pieces
 43329 | D:15     | Acquired a manual of Hexes
 43332 | D:15     | Acquired a manual of Evocations
 43762 | Depths:1 | Entered Level 1 of the Depths
 44221 | Spider:1 | Entered Level 1 of the Spider Nest
 44416 | Spider:1 | Reached skill level 1 in Throwing
 46298 | Spider:2 | Found a runed translucent gate.
 46299 | Spider:2 | Found a runed translucent gate.
 46300 | Spider:2 | Found a runed translucent gate.
 46303 | Spider:2 | Noticed Delamore's ghost (adept GrFi)
 46320 | Spider:2 | Noticed Asterion
 46339 | Spider:2 | Killed Asterion
 46339 | Spider:2 | Reached XP level 17. HP: 113/113 MP: 25/25
 46515 | Spider:2 | Acquired a manual of Translocations
 47092 | Spider:2 | Reached skill level 1 in Translocations
 49298 | Spider:3 | Reached skill level 10 in Evocations
 49547 | Spider:3 | Reached skill level 5 in Throwing
 51153 | Spider:4 | Entered Level 4 of the Spider Nest
 52088 | Spider:3 | Reached skill level 10 in Fighting
 52953 | Spider:4 | Reached skill level 5 in Translocations
 53314 | Spider:4 | Reached XP level 18. HP: 120/120 MP: 26/26
 55573 | Spider:4 | Got a gossamer rune of Zot
 56099 | Swamp:1  | Entered Level 1 of the Swamp
 60171 | Swamp:3  | Reached XP level 19. HP: 127/127 MP: 28/28
 61959 | Swamp:4  | Entered Level 4 of the Swamp
 62907 | Swamp:4  | Got a transparent ring mail
 62918 | Swamp:4  | Identified the +3 ring mail of Lugonu's Condemnation {-Cast
                  | rF+ rC+ Slay+2} (You found it on level 4 of the Swamp)
 62931 | Swamp:4  | Learned a level 2 spell: Blink
 63062 | Swamp:4  | Slain by a spectral alligator snapping turtle

Illustrated notes

Levels and vault maps discovered:
D:1:      arrival_aquarium_b, layout_basic, minivault_5, minmay_tromino_v4_a
D:2:      layout_basic, nicolae_overflow_crystal_walls, first_ration, uniq_robin
D:3:      layout_loops_ring
D:4:      layout_cave_pools, lemuel_blue_sif_altar,
          lemuel_coloured_pillars_altar, kennysheep_generic_room_11
D:5:      layout_gridville, minmay_temple_entry_glass
D:6:      layout_basic, xom_teletrap_fun, serial_shops, shop
D:7:      cheibrodos_iron_armory, layout_loops_ring, lemuel_round_altar,
          serial_shops, nicolae_shop_trees, grunt_livestock, fedhas_altar_3
D:8:      layout_basic, kennysheep_little_box, okawaru_humans
D:9:      layout_rooms, nicolae_qazlal_style_of_elements, lemuel_doored_altar,
          lair_entry_dummy, st_stairs_1, serial_bayou_pond_a, minmay_radiant,
          uniq_maggie
D:10:     layout_rooms, serial_shops, shop_statue
D:11:     layout_rooms, serial_shops, shop_coins, hangedman_decor_riveting,
          kennysheep_diamond, st_stairs_12, uniq_psyche, uniq_sonja,
          uniq_erolcha
D:12:     layout_roguey, orc_0_dummy
D:13:     layout_rooms, basic_altar
D:14:     layout_rooms, david_vaults_3, infiniplex_staircase_door_maze,
          corexii_checkpoint_b, minmay_alternating_orb
D:15:     hangedman_depths_entry_civil_slaughter, layout_long_grid,
          serial_shops, shop, nicolae_dithmenos_through_a_glass_darkly,
          minmay_misc_feat_ornament, hangedman_decor_points, uniq_nessos
Temple:   nicolae_temple_god_jail
Lair:1:   layout_roguey, cheibrodos_lair_caveside_slide
Lair:2:   layout_gridlike, lemuel_centaur_altar, uniq_harold
Lair:3:   layout_regular_city, nicolae_quartered_pool_medium
Lair:4:   layout_regular_city, nicolae_swamp_entry_splash_gauntlet,
          nicolae_spider_entry_orb_guardian, uniq_nergalle
Lair:5:   dragon1_lemuel, layout_small_grid, slime_altar_1
Lair:6:   gammafunk_lair_ancient_temple, layout_gridlike, grunt_megastairs_2,
          uniq_kirke
Swamp:1:  layout_falls_marsh, evilmike_swamp_ruin_house_1
Swamp:2:  layout_basic_swamp, evilmike_swamp_ruin_house_3
Swamp:3:  nicolae_swamp_phyte_club, layout_basic_swamp,
          evilmike_swamp_ruin_house_5, swamp_pool2
Swamp:4:  swamp_pestilence, layout_basic_swamp
Spider:1: layout_spider_delve, nicolae_spider_nook
Spider:2: layout_chambers, ebering_ghost_rock_garden, spiders_nest_hornet_nest,
          uniq_asterion
Spider:3: layout_spider_delve, nicolae_looking_at_the_future
Spider:4: grunt_spider_rune_parallel
Orc:1:    layout_diamond_mine, special_room [special_room_orc], serial_shops,
          shop, shop, nicolae_orc_lost_temple
Orc:2:    st_orc_pillars, layout_caves, portal_ice_cave_demonic_guard
Depths:1: layout_cave_shapes, serial_shops,
          nicolae_shop_competitors_out_of_business, abyss_entry, pf_coc_iceberg,
          chequers_serial_rivers_room_b, minmay_tree_intersection,
          serial_bayou_ford_a, pandoras_box_mu, minmay_shoptagon

Skill      XL: |  1  2  3  4  5  6  7  8  9 10 11 12 13 14 15 16 17 18 19 |
---------------+----------------------------------------------------------+-----
Fighting       | 3 4 5 6 7 8 9 10 | 10.6
Axes           | 3 4 5 6 7 9 10 11 12 13 14 | 14.9
Dodging        | 2 3 4 5 6 7 8 9 10 11 | 11.9
Slings         | 2 3 4 6 8 9 11 12 14 15 | 15.7
Armour         | 3 4 5 7 |  7.0
Invocations    | 3 4 5 6 7 8 9 10 11 12 | 12.1
Shields        | 2 4 5 6 8 10 11 12 13 14 | 14.0
Evocations     | 2 3 4 5 6 7 8 10 12 13 | 13.1
Charms         | 1 3 |  3.5
Air Magic      | 1 3 |  3.1
Throwing       | 3 5 7 8 |  8.5
Translocations | 5 7 8 |  8.0

Action                   |  1- 3 |  4- 6 |  7- 9 | 10-12 | 13-15 | 16-18 | 19-21 || total
-------------------------+-------+-------+-------+-------+-------+-------+-------++-------
Melee: Hand axe          |    69 |   162 |   188 |   336 |   954 |  1939 |   258 ||  3906
       War axe           |       |       |       |       |       |     7 |       ||     7
 Fire: Hunting sling     |       |       |   165 |   983 |  2451 |   732 |    86 ||  4417
Throw: Stone             |    25 |     1 |       |       |       |       |       ||    26
       Boomerang         |     5 |    35 |    16 |     1 |     1 |   120 |    60 ||   238
       Dart              |     3 |    75 |    54 |    25 |    33 |   283 |       ||   473
Invok: Depart the Abyss  |     1 |       |       |     1 |       |       |       ||     2
       Bend Space        |       |    10 |    16 |   131 |   179 |    70 |       ||   406
       Brand Weapon With |       |       |       |       |       |     1 |       ||     1
       Banish            |       |       |       |       |       |     7 |       ||     7
 Abil: Evoke Flight      |       |       |       |       |     2 |       |       ||     2
Evoke: Wand              |       |       |       |    14 |    32 |    36 |     5 ||    87
       Tin of tremorston |       |       |       |     3 |     6 |     9 |       ||    18
       Phantom mirror    |       |       |       |       |       |     1 |       ||     1
       Phial of floods   |       |       |       |       |       |     1 |       ||     1
  Use: Scroll            |       |    12 |     6 |    10 |     6 |    13 |       ||    47
       Potion            |       |       |       |     2 |     2 |     4 |       ||     8
 Stab: Sleeping          |       |     1 |     1 |       |       |     2 |     1 ||     5
       Paralysed         |       |       |       |       |    28 |    14 |       ||    42
       Distracted        |       |       |       |       |     1 |       |       ||     1
       Held in net/web   |       |       |       |       |       |     3 |       ||     3
       Invisible         |       |       |       |       |       |     1 |       ||     1
       Confused          |       |       |       |       |       |       |     3 ||     3
  Eat: Chunk             |     2 |    12 |    10 |    24 |    53 |    27 |     5 ||   133
       Ration            |       |       |     1 |     4 |     1 |    11 |     1 ||    18
Armor: Leather armour    |     9 |    22 |    41 |     2 |       |       |       ||    74
       Ring mail         |       |       |       |    86 |       |       |       ||    86
       Animal skin       |       |       |       |    14 |   134 |   166 |    21 ||   335
       Swamp dragon scal |       |       |       |     6 |       |       |       ||     6
Dodge: Dodged            |    46 |    94 |   121 |   349 |   541 |   898 |   118 ||  2167
Block: Other             |       |     3 |    34 |    96 |     2 |       |       ||   135
       Kite shield       |       |       |    40 |    48 |   469 |  1818 |   185 ||  2560
       Reflection        |       |       |       |    13 |       |    16 |    10 ||    39
